 Dungeon Crawl Stone Soup version 0.28-a0-465-ge2dae52223 (webtiles) character file.

Game seed: 4623601735184662086

25 SkeletonJelly the Poker (level 3, -2/30 HPs)
             Began as a Merfolk Chaos Knight on Sept 15, 2021.
             Was a Plaything of Xom.
             Succumbed to a kobold's poison
             ... on level 1 of the Dungeon.
             The game lasted 00:00:55 (314 turns).

SkeletonJelly the Poker (Merfolk Chaos Knight)       Turns: 314, Time: 00:00:56

Health: -2/30      AC: 15    Str: 15 (18) XL:     3   Next: 6%
Magic:  3/3        EV:  4    Int:  9 (11) God:    Xom [...*..]
Gold:   11         SH:  0    Dex: 12 (13) Spells: 2/2 levels left

rFire   . . .      SeeInvis .   a - +0 spear (chaos)
rCold   . . .      Faith    .   (no shield)
rNeg    . . .      Spirit   .   f - +5 plate armour "Dyrpheteic" {Str+5}
rPois   .          Reflect  .   (no helmet)
rElec   .          Harm     .   (no cloak)
rCorr   .          Rampage  .   (no gloves)
Will    .....                   (no boots)
Stlth   ..........              (no amulet)
HPRegen 0.10/turn               (no ring)
MPRegen 0.08/turn               (no ring)

@: lethally poisoned (-2 -> -26)
A: (nimble swimmer 2), mertail
a: Renounce Religion


You were on level 1 of the Dungeon.
You worshipped Xom.
You were a favourite toy of Xom.
You visited 1 branch of the dungeon, and saw 1 of its levels.

You collected 11 gold pieces.

Inventory:

Hand Weapons
 a - a +0 spear of chaos (weapon)
Armour
 b - a +2 leather armour
 f - the +5 plate armour "Dyrpheteic" (worn) {Str+5}
   (Xom gifted it to you on level 1 of the Dungeon)

   Str:       It affects your strength (+5).
Scrolls
 c - a scroll of noise {unknown}
 d - a scroll of identify {unknown}


   Skills:
 + Level 3.7 Fighting
 * Level 5.6 Polearms
 - Level 0.6 Armour
 - Level 2.6 Dodging


You had 2 spell levels left.
You didn't know any spells.
Your spell library was empty.

Dungeon Overview and Level Annotations

Branches:
Dungeon (1/15)

Altars:


Innate Abilities, Weirdness & Mutations

((You are quick and stealthy near water. (Stealth+, EV+, Speed+++)))
Your lower body shifts to a powerful aquatic tail in water.


Message History

You see here a bat corpse.
You see here 9 arrows.
A goblin comes into view. It is wielding a +0 dagger.
The goblin shouts!
A goblin is nearby!
A goblin is nearby!
A goblin is nearby!
A goblin is nearby!
A ball python comes into view.
The ball python hisses angrily.
Your plate armour "Dyrpheteic" prevents you from hitting the ball python.
The ball python bites you but does no damage.
The ball python grabs you. The ball python constricts you.
You hit the ball python.
You kill the ball python!
You reach to attack!
You hit the goblin. Lightning courses through the goblin!!
You kill the goblin!
You have reached level 3!
Your experience leads to an increase in your attributes!
Your base attributes are Str 12, Int 11, Dex 13.
Increase (S)trength, (I)ntelligence, or (D)exterity?
You feel stronger.
Health restored: 30; MP restored: 3
Things that are here:
a +0 dagger; a goblin corpse A kobold comes into view.
It is wielding a +2 dagger of venom.
The kobold shouts!
The kobold throws a stone.
The stone hits you but does no damage.
A kobold is nearby!
A kobold is nearby!
A kobold is nearby!
A kobold is nearby!
A kobold is nearby!
A frilled lizard comes into view.
The frilled lizard hisses angrily.
The kobold throws a stone.
The stone closely misses you.
A rat comes into view.
The kobold throws a stone.
The stone hits you but does no damage.
You reach to attack!
You hit the frilled lizard.
The frilled lizard is poisoned.
The frilled lizard is heavily wounded.
You kill the frilled lizard!
You reach to attack!
Your plate armour "Dyrpheteic" prevents you from hitting the rat.
You hit the rat but do no damage.
The rat seems to grow stronger.
Xom thinks this is hilarious!
The rat bites you but does no damage.
The kobold throws a stone.
The stone hits you but does no damage.
You barely miss the rat. You puncture the rat!
You kill the rat!
You reach to attack!
You closely miss the kobold.
The kobold throws a stone.
The stone hits you but does no damage.
You reach to attack!
You miss the kobold.
The kobold throws a stone.
The stone hits you but does no damage.
You reach to attack!
You completely miss the kobold. You miss the kobold.
The kobold hits you but does no damage.
You are poisoned.
You closely miss the kobold.
You feel sick.
You take 1 damage, and have 29/30 hp.
You hit the kobold but do no damage.
The kobold seems to grow stronger.
You feel sick.
The kobold hits you with a +2 dagger of venom.
You are more poisoned.
You take 5 damage, and have 24/30 hp.
You closely miss the kobold.
You feel very sick. The kobold barely misses you.
You take 3 damage, and have 21/30 hp.
You closely miss the kobold.
You feel sick. The kobold hits you but does no damage.
You are more poisoned.
You take 2 damage, and have 19/30 hp.
You hit the kobold but do no damage.
The kobold is poisoned.
You feel very sick. The kobold hits you but does no damage.
You are lethally poisoned!
You take 3 damage, and have 16/30 hp.
You hit the kobold but do no damage.
You feel very sick.
You take 4 damage, and have 12/30 hp.
You are too injured to fight recklessly!
You are too injured to fight recklessly!
You are too injured to fight recklessly!
It was a potion of degeneration.
There was something very wrong with that liquid.
You feel weakened.
You feel dopey.
You feel clumsy.
* * * LOW HITPOINT WARNING * * *
You feel very sick. The kobold hits you but does no damage.
You are more poisoned.
You take 4 damage, and have 8/30 hp.
Your plate armour "Dyrpheteic" prevents you from hitting the kobold.
The kobold is severely wounded.
* * * LOW HITPOINT WARNING * * *
You feel very sick.
You kill the kobold!
You take 5 damage, and have 3/30 hp.
You die...
Xom giggles madly!

.####.... .(.......
#. .######## #.
........# #.
#######.# #.#
#######.#######.###
#
..................
### #
..####.......###.#
#.... ##
#..)....###@#......
. .
#..................
#.##
#...........#.#.###
... #...........#.#
# #######.#.#.# #
..### #.#.#.# .....
####### ..... .###
#


There were no monsters in sight!

Vanquished Creatures
  A dart slug (D:1)
  3 ball pythons (D:1)
  2 bats (D:1)
  3 endoplasms (D:1)
  2 giant cockroaches (D:1)
  4 goblins (D:1)
  2 frilled lizards (D:1)
  3 kobolds (D:1)
  A rat (D:1)
21 creatures vanquished.

Notes
Turn   | Place    | Note
-------+----------+-------------------------------------------
     0 | D:1      | SkeletonJelly the Merfolk Chaos Knight began the quest for
                  | the Orb.
     0 | D:1      | Reached XP level 1. HP: 18/18 MP: 1/1
   132 | D:1      | Reached XP level 2. HP: 24/24 MP: 2/2
   158 | D:1      | Reached skill level 5 in Polearms
   164 | D:1      | Found a faded altar of an unknown god.
   198 | D:1      | XOM: silly message
   234 | D:1      | Identified the +5 plate armour "Dyrpheteic" {Str+5} (Xom
                  | gifted it to you on level 1 of the Dungeon)
   234 | D:1      | XOM: god gift: +5 plate armour "Dyrpheteic" {Str+5}
   264 | D:1      | XOM: stat loss: -1 Str (16/17)
   286 | D:1      | Reached XP level 3. HP: 30/30 MP: 3/3
   314 | D:1      | Succumbed to a kobold's poison

Illustrated notes

Levels and vault maps discovered:
D:1:      wander_arrival_peaceful_grave, layout_basic,
          shapermc_ecumenical_altar_gd, lexackson_kobold_supper

Skill      XL: |  1  2 |
---------------+-------+-----
Polearms       | 5 |  5.6
Fighting       | |  3.7
Armour         | |  0.6
Dodging        | |  2.6

Action                   || total
-------------------------++-------
Melee: Spear             ||    50
  Use: Potion            ||     1
 Stab: Petrifying        ||     2
       Sleeping          ||     1
Armor: Plate armour      ||    11
       Leather armour    ||     1
Dodge: Dodged            ||    10

Table legend: (Time is in decaauts)
 A = Elapsed time spent in this place.
 B = Non-inter-level travel time spent in this place.
 C = Inter-level travel time spent in this place.
 D = Time resting spent in this place.
 E = Time spent auto-exploring this place.
 F = Levels seen in this place.
 G = Mean time per level.
                   A        B        C        D        E       F      G
               +--------+--------+--------+--------+--------+-----+--------+
         Total |    305 |    305 |      0 |      0 |    199 |   1 |  305.0 |
       Dungeon |    305 |    305 |      0 |      0 |    199 |   1 |  305.0 |
               +--------+--------+--------+--------+--------+-----+--------+

Top non-repeatable levels by time:
     D:1: 305 daAuts
